SL
GRAFTON MIDDIES @ FT. WORTH CATTLEMEN
08/17/2029
 
TOP OF THE 1ST
Grafton Middies batting - Pitching for Ft. Worth Cattlemen : RHP Nicholas Wells
Pitching: RHP Nicholas Wells
Batting: RHB Pedro Santos 0-0: Ball
1-0: Ball
2-0: Swinging Strike
2-1: Called Strike
2-2: Ground out 4-3 (Groundball, 4MD)
Batting: RHB Carlos Maldonado 0-0: Ground out 6-3 (Groundball, 6)
Batting: LHB Mario Ramos 0-0: Ball
1-0: SINGLE (Line Drive, 6MD)
Batting: LHB Jorge Flores 0-0: Called Strike
0-1: Foul Ball, location: 2F
0-2: Ball
1-2: Ball
2-2: SINGLE (Groundball, 34D)
Mario Ramos to second
Runner from 2nd tries for 3rd, SAFE, no throw
Batting: RHB Stefano Gaddi 0-0: Ball
1-0: Called Strike
1-1: Swinging Strike
1-2: Strikes out swinging
Top of the 1st over - 0 runs, 2 hits, 0 errors, 2 left on base; Grafton 0 - Ft. Worth 0
BOTTOM OF THE 1ST
Ft. Worth Cattlemen batting - Pitching for Grafton Middies : RHP Daniel Martínez
Pitching: RHP Daniel Martínez
Batting: LHB Jesús Morales 0-0: Ball
1-0: SINGLE (Groundball, 34D)
Batting: LHB Chris Etheridge 0-0: Ball
1-0: Foul Ball, location: 2F
1-1: Ball
2-1: Fielders Choice at 2nd, 3-6 (Groundball, 3)
Batting: RHB Bart Lewis 0-0: Called Strike
0-1: Called Strike
0-2: Foul Ball, location: 2F
0-2: Ball
1-2: Foul Ball, location: 2F
1-2: 2-RUN HOME RUN (Flyball, 7LD), Distance : 350 ft
Batting: LHB Rick Mayfield 0-0: Called Strike
0-1: Ball
1-1: Foul Ball, location: 2F
1-2: Ball
2-2: Strikes out swinging
Batting: SHB Marcos Roa 0-0: Foul Ball, location: 2F
0-1: Foul Ball, location: 2F
0-2: Foul Ball, location: 2F
0-2: Ball
1-2: Foul Ball, location: 2F
1-2: Ball
2-2: Strikes out looking
Bottom of the 1st over - 2 runs, 2 hits, 0 errors, 0 left on base; Grafton 0 - Ft. Worth 2
TOP OF THE 2ND
Grafton Middies batting - Pitching for Ft. Worth Cattlemen : RHP Nicholas Wells
Batting: RHB Cristo González 0-0: SINGLE (Groundball, 56S) (infield hit)
Batting: SHB Jack MacAsgill 0-0: Ball
1-0: Called Strike
1-1: Fly out, F9 (Flyball, 89S)
Batting: LHB John Meléndez 0-0: Called Strike
Cristo González steals 2nd base
0-1: Ball
1-1: Swinging Strike
1-2: Fly out, F5 (Flyball, 5D)
Batting: LHB Phil MacNamara 0-0: Swinging Strike
0-1: Swinging Strike
0-2: Ball
1-2: Strikes out swinging
Top of the 2nd over - 0 runs, 1 hit, 0 errors, 1 left on base; Grafton 0 - Ft. Worth 2
BOTTOM OF THE 2ND
Ft. Worth Cattlemen batting - Pitching for Grafton Middies : RHP Daniel Martínez
Batting: RHB Gilberto Juárez 0-0: Ball
1-0: Ball
2-0: Swinging Strike
2-1: Called Strike
2-2: Strikes out swinging
Batting: SHB Javier Vázquez 0-0: Foul Ball, location: 2F
0-1: Ball
1-1: Ball
2-1: Ball
3-1: Foul Ball, location: 2F
3-2: Base on Balls
Batting: SHB Robby Day 0-0: Called Strike
0-1: SINGLE (Flyball, 89S)
Javier Vázquez to second
Runner from 2nd tries for 3rd, SAFE, no throw
Batting: RHB Jesús Martínez 0-0: Ball
1-0: Called Strike
1-1: Ball
2-1: Called Strike
2-2: Foul Ball, location: 2F
2-2: Ball
3-2: Base on Balls
Robby Day to second
Batting: LHB Jesús Morales 0-0: Ball
1-0: Fielders Choice at 2nd, 3-6 (Groundball, 34)
Javier Vázquez scores
Robby Day to third
Batting: LHB Chris Etheridge 0-0: Ball
1-0: Foul Ball, location: 2F
1-1: Ball
2-1: Ground out 1-3 (Groundball, 15)
Bottom of the 2nd over - 1 run, 1 hit, 0 errors, 2 left on base; Grafton 0 - Ft. Worth 3
TOP OF THE 3RD
Grafton Middies batting - Pitching for Ft. Worth Cattlemen : RHP Nicholas Wells
Batting: RHB Pedro Santos 0-0: Called Strike
0-1: Ball
1-1: Ball
2-1: Foul Ball, location: 2F
2-2: Strikes out looking
Batting: RHB Carlos Maldonado 0-0: Ball
1-0: Ball
2-0: Ball
3-0: Called Strike
3-1: Base on Balls
Batting: LHB Mario Ramos 0-0: Called Strike
0-1: Ball
1-1: SINGLE (Groundball, 3D)
Carlos Maldonado to second
Runner from 2nd tries for 3rd, SAFE, no throw
Batting: LHB Jorge Flores 0-0: Ball
1-0: Called Strike
1-1: Fly out, F8 (Flyball, 89D)
Runner from 3rd tags up, SCORES, throw made
Batting: RHB Stefano Gaddi 0-0: Ball
1-0: Ball
2-0: Swinging Strike
2-1: Fly out, F8 (Flyball, 8LM)
Top of the 3rd over - 1 run, 1 hit, 0 errors, 1 left on base; Grafton 1 - Ft. Worth 3
BOTTOM OF THE 3RD
Ft. Worth Cattlemen batting - Pitching for Grafton Middies : RHP Daniel Martínez
Batting: RHB Bart Lewis 0-0: Ball
1-0: Foul Ball, location: 2F
1-1: Called Strike
1-2: Ground out 1-3 (Groundball, 13)
Batting: LHB Rick Mayfield 0-0: Foul Ball, location: 2F
0-1: Called Strike
0-2: SINGLE (Flyball, 89S)
Batting: SHB Marcos Roa 0-0: Ball
1-0: Called Strike
1-1: SINGLE (Groundball, 6MD)
Rick Mayfield to second
Runner from 2nd tries for 3rd, SAFE, no throw
Batting: RHB Gilberto Juárez 0-0: SINGLE (Line Drive, 9LS)
Rick Mayfield scores
Marcos Roa to second
Runner from 2nd tries for 3rd, SAFE, no throw
Batting: SHB Javier Vázquez 0-0: Ball
1-0: Called Strike
1-1: Foul Ball, location: 2F
1-2: Foul Ball, location: 2F
1-2: Grounds into double play, 4-6-3 (Groundball, 4)
Bottom of the 3rd over - 1 run, 3 hits, 0 errors, 1 left on base; Grafton 1 - Ft. Worth 4
TOP OF THE 4TH
Grafton Middies batting - Pitching for Ft. Worth Cattlemen : RHP Nicholas Wells
Batting: RHB Cristo González 0-0: Called Strike
0-1: Ball
1-1: Ball
2-1: Ground out 5-3 (Groundball, 56)
Batting: SHB Jack MacAsgill 0-0: Ball
1-0: Ground out 6-3 (Groundball, 6M)
Batting: LHB John Meléndez 0-0: Ball
1-0: Swinging Strike
1-1: Called Strike
1-2: Foul Ball, location: 2F
1-2: SINGLE (Line Drive, 89S)
Batting: LHB Phil MacNamara 0-0: Ball
1-0: Swinging Strike
1-1: Called Strike
1-2: Ground out 4-3 (Groundball, 4)
Top of the 4th over - 0 runs, 1 hit, 0 errors, 1 left on base; Grafton 1 - Ft. Worth 4
BOTTOM OF THE 4TH
Ft. Worth Cattlemen batting - Pitching for Grafton Middies : RHP Daniel Martínez
Batting: SHB Robby Day 0-0: Ball
1-0: Ball
2-0: Called Strike
2-1: Foul Ball, location: 2F
2-2: Ball
3-2: Base on Balls
Batting: RHB Jesús Martínez 0-0: Ball
1-0: Foul Ball, location: 2F
1-1: Ball
2-1: Swinging Strike
2-2: Foul Ball, location: 2F
2-2: Foul Ball, location: 2F
2-2: Fly out, F3 (Popup, 3F)
Batting: LHB Jesús Morales 0-0: Swinging Strike
0-1: Foul Ball, location: 2F
0-2: Strikes out looking
Batting: LHB Chris Etheridge 0-0: Ball
1-0: Ball
Robby Day steals 2nd base
2-0: Called Strike
2-1: Foul Ball, location: 2F
2-2: Ground out 1-3 (Groundball, P)
Bottom of the 4th over - 0 runs, 0 hits, 0 errors, 1 left on base; Grafton 1 - Ft. Worth 4
TOP OF THE 5TH
Grafton Middies batting - Pitching for Ft. Worth Cattlemen : RHP Nicholas Wells
Batting: RHB Pedro Santos 0-0: Ground out 6-3 (Groundball, 6)
Batting: RHB Carlos Maldonado 0-0: Ball
1-0: Ground out 5-3 (Groundball, 5)
Batting: LHB Mario Ramos 0-0: Ball
1-0: Called Strike
1-1: Fly out, F9 (Flyball, 9S)
Top of the 5th over - 0 runs, 0 hits, 0 errors, 0 left on base; Grafton 1 - Ft. Worth 4
BOTTOM OF THE 5TH
Ft. Worth Cattlemen batting - Pitching for Grafton Middies : RHP Daniel Martínez
Batting: RHB Bart Lewis 0-0: Called Strike
0-1: Ball
1-1: Called Strike
1-2: Strikes out swinging
Batting: LHB Rick Mayfield 0-0: Swinging Strike
0-1: Ball
1-1: Swinging Strike
1-2: Strikes out looking
Batting: SHB Marcos Roa 0-0: Foul Ball, location: 2F
0-1: Ball
1-1: Ball
2-1: Foul Ball, location: 2F
2-2: Ground out 4-3 (Groundball, 4)
Bottom of the 5th over - 0 runs, 0 hits, 0 errors, 0 left on base; Grafton 1 - Ft. Worth 4
TOP OF THE 6TH
Grafton Middies batting - Pitching for Ft. Worth Cattlemen : RHP Nicholas Wells
Batting: LHB Jorge Flores 0-0: Ball
1-0: Ball
2-0: Foul Ball, location: 2F
2-1: Foul Ball, location: 2F
2-2: Ball
3-2: Base on Balls
Batting: RHB Stefano Gaddi 0-0: Ball
1-0: Ball
2-0: Ball
3-0: Called Strike
3-1: Base on Balls
Jorge Flores to second
Batting: RHB Cristo González 0-0: Called Strike
0-1: Ball
1-1: Ball
2-1: Fly out, F8 (Flyball, 8LS)
Batting: SHB Jack MacAsgill 0-0: Ball
1-0: Ball
2-0: Ball
3-0: Called Strike
3-1: Called Strike
3-2: Fielders Choice at 2nd, 3-6 (Groundball, 3)
Jorge Flores to third
Batting: LHB John Meléndez 0-0: Foul Ball, location: 2F
0-1: Ball
1-1: Ball
2-1: Ground out 4-3 (Groundball, 4)
Top of the 6th over - 0 runs, 0 hits, 0 errors, 2 left on base; Grafton 1 - Ft. Worth 4
BOTTOM OF THE 6TH
Ft. Worth Cattlemen batting - Pitching for Grafton Middies : RHP Daniel Martínez
Batting: RHB Gilberto Juárez 0-0: Ball
1-0: Ball
2-0: Ball
3-0: Base on Balls
Batting: SHB Javier Vázquez 0-0: Ball
Gilberto Juárez steals 2nd base
1-0: Intentional Walk
Pitching: RHP Craig Whitney
Batting: SHB Robby Day 0-0: Called Strike
0-1: Called Strike
Gilberto Juárez steals 3rd base
0-2: Ball
1-2: Fly out, F8 (Flyball, 89D)
Runner from 3rd tags up, SCORES, no throw
Batting: RHB Jesús Martínez 0-0: Ball
1-0: Swinging Strike
1-1: SINGLE (Line Drive, 56D)
Javier Vázquez to second
Batting: LHB Jesús Morales 0-0: Ball
1-0: Ball
2-0: Ball
3-0: Called Strike
3-1: DOUBLE (Line Drive, 7LS)
Javier Vázquez scores
Jesús Martínez to third
Runner from 3rd tries for Home, SAFE, no throw
Batting: LHB Chris Etheridge 0-0: Swinging Strike
0-1: Ball
1-1: Ball
2-1: Ball
Jesús Morales is caught stealing 3rd base
3-1: Base on Balls
Batting: RHB Bart Lewis 0-0: Called Strike
Chris Etheridge steals 2nd base
0-1: Ball
1-1: Foul Ball, location: 2F
1-2: Foul Ball, location: 2F
1-2: DOUBLE (Flyball, 78XD)
Chris Etheridge scores
Batting: LHB Rick Mayfield 0-0: Ball
1-0: Foul Ball, location: 2F
1-1: Ground out 4-3 (Groundball, 4MS)
Bottom of the 6th over - 4 runs, 3 hits, 0 errors, 1 left on base; Grafton 1 - Ft. Worth 8
TOP OF THE 7TH
Grafton Middies batting - Pitching for Ft. Worth Cattlemen : RHP Nicholas Wells
Batting: LHB Phil MacNamara 0-0: Foul Ball, location: 2F
0-1: Ball
1-1: Ball
2-1: Swinging Strike
2-2: Foul Ball, location: 2F
2-2: Strikes out swinging
Pitching: RHP Enrique Cortéz
Batting: RHB Pedro Santos 0-0: Swinging Strike
0-1: Ball
1-1: Foul Ball, location: 2F
1-2: Strikes out swinging
Batting: RHB Carlos Maldonado 0-0: Called Strike
0-1: Foul Ball, location: 2F
0-2: Strikes out looking
Top of the 7th over - 0 runs, 0 hits, 0 errors, 0 left on base; Grafton 1 - Ft. Worth 8
BOTTOM OF THE 7TH
Ft. Worth Cattlemen batting - Pitching for Grafton Middies : RHP Craig Whitney
Batting: SHB Marcos Roa 0-0: Swinging Strike
0-1: Ball
1-1: Swinging Strike
1-2: Ball
2-2: Ball
3-2: Base on Balls
Batting: RHB Gilberto Juárez 0-0: Swinging Strike
0-1: Called Strike
0-2: Foul Ball, location: 2F
0-2: Strikes out swinging
Batting: SHB Javier Vázquez 0-0: Called Strike
0-1: Fielders Choice at 2nd, 1-6 (Groundball, 13S)
Batting: SHB Robby Day 0-0: Swinging Strike
0-1: Foul Ball, location: 2F
0-2: Strikes out swinging
Bottom of the 7th over - 0 runs, 0 hits, 0 errors, 1 left on base; Grafton 1 - Ft. Worth 8
TOP OF THE 8TH
Grafton Middies batting - Pitching for Ft. Worth Cattlemen : RHP Enrique Cortéz
Batting: LHB Mario Ramos 0-0: DOUBLE (Groundball, 3L)
Batting: LHB Jorge Flores 0-0: Called Strike
0-1: Foul Ball, location: 2F
0-2: Strikes out swinging
Batting: RHB Stefano Gaddi 0-0: Ball
1-0: Ball
2-0: Called Strike
2-1: Foul Ball, location: 2F
2-2: Ball
3-2: Foul Ball, location: 2F
3-2: Strikes out swinging
Batting: RHB Cristo González 0-0: Ball
1-0: Ball
2-0: Called Strike
2-1: SINGLE (Line Drive, 89M)
Mario Ramos to third
Batting: SHB Jack MacAsgill 0-0: Ball
1-0: Called Strike
1-1: Ball
2-1: Ball
3-1: Base on Balls
Cristo González to second
Batting: LHB John Meléndez 0-0: Called Strike
0-1: GRAND SLAM HOME RUN (Flyball, 89XD), Distance : 413 ft
Pitching: LHP Bartolomeu Lio
Batting: LHB Phil MacNamara 0-0: Ball
1-0: Called Strike
1-1: Swinging Strike
1-2: Ball
2-2: Ground out 4-3 (Groundball, 4M)
Top of the 8th over - 4 runs, 3 hits, 0 errors, 0 left on base; Grafton 5 - Ft. Worth 8
BOTTOM OF THE 8TH
Ft. Worth Cattlemen batting - Pitching for Grafton Middies : RHP Craig Whitney
Pitching: RHP Kenete Daku
Batting: RHB Jesús Martínez 0-0: Ball
1-0: Called Strike
1-1: Ball
2-1: Fly out, F4 (Flyball, 34D)
Batting: LHB Jesús Morales 0-0: SINGLE (Line Drive, 34)
Batting: LHB Chris Etheridge 0-0: Called Strike
0-1: Ball
1-1: SINGLE (Groundball, 3) (infield hit)
Jesús Morales to second
Batting: RHB Bart Lewis 0-0: Ball
1-0: Ball
2-0: Ball
3-0: Called Strike
3-1: Foul Ball, location: 2F
3-2: SINGLE (Line Drive, 89S)
Jesús Morales to third
Chris Etheridge to second
Batting: LHB Rick Mayfield 0-0: Called Strike
0-1: Foul Ball, location: 2F
0-2: Ball
1-2: Strikes out swinging
Batting: SHB Marcos Roa 0-0: Foul Ball, location: 2F
0-1: GRAND SLAM HOME RUN (Flyball, 9LD), Distance : 429 ft
Pitching: RHP Bob Browning
Batting: RHB Gilberto Juárez 0-0: Ball
1-0: Ball
2-0: SINGLE (Groundball, 4MD)
Batting: SHB Javier Vázquez 0-0: Ball
1-0: Called Strike
Throwing error on steal attempt, E2
Gilberto Juárez to third
1-1: Foul Ball, location: 2F
1-2: SINGLE (Groundball, 34D)
Gilberto Juárez scores
Batting: SHB Robby Day 0-0: Foul Ball, location: 2F
0-1: Foul Ball, location: 2F
0-2: Ball
1-2: Ball
2-2: 2-RUN HOME RUN (Flyball, 9LD), Distance : 359 ft
Batting: RHB Jesús Martínez 0-0: Called Strike
0-1: Ball
1-1: DOUBLE (Line Drive, 5D)
Batting: LHB Jesús Morales 0-0: Called Strike
0-1: Ball
1-1: Ball
2-1: TRIPLE (Flyball, 89XD)
Jesús Martínez scores
Batting: LHB Chris Etheridge 0-0: Ball
1-0: Ball
2-0: Foul Ball, location: 2F
2-1: Fly out, F9 (Line Drive, 9D)
Bottom of the 8th over - 8 runs, 9 hits, 1 error, 1 left on base; Grafton 5 - Ft. Worth 16
TOP OF THE 9TH
Grafton Middies batting - Pitching for Ft. Worth Cattlemen : LHP Bartolomeu Lio
Now at 3B: Lloyd Alberink
Now in LF: Ryan Westlake
Batting: RHB Pedro Santos 0-0: Foul Ball, location: 2F
0-1: DOUBLE (Line Drive, 8RD)
Batting: RHB Carlos Maldonado 0-0: Ball
1-0: Called Strike
1-1: TRIPLE (Flyball, 8LXD)
Pedro Santos scores
Batting: LHB Mario Ramos 0-0: Called Strike
0-1: Ball
1-1: Ball
2-1: Ball
3-1: SINGLE (Flyball, 89M) - OUT at second base trying to stretch hit.
Carlos Maldonado scores
Batting: LHB Jorge Flores 0-0: Called Strike
0-1: Foul Ball, location: 2F
0-2: Ball
1-2: SOLO HOME RUN (Flyball, 89XD), Distance : 450 ft
Pitching: RHP Aaron Wise
Batting: RHB Stefano Gaddi 0-0: SINGLE (Line Drive, 89S)
Batting: RHB Cristo González 0-0: Called Strike
0-1: Called Strike
0-2: Foul Ball, location: 2F
0-2: Ball
1-2: Foul Ball, location: 2F
1-2: Ground out 5-3 (Groundball, 56S)
Stefano Gaddi to second
Batting: SHB Jack MacAsgill 0-0: Ball
1-0: Ball
2-0: Ball
3-0: Called Strike
3-1: Base on Balls
Batting: LHB John Meléndez 0-0: Ball
1-0: DOUBLE (Line Drive, 89M)
Stefano Gaddi scores
Jack MacAsgill to third
Batting: LHB Phil MacNamara 0-0: Called Strike
0-1: Called Strike
0-2: Foul Ball, location: 2F
0-2: Strikes out looking
Top of the 9th over - 4 runs, 6 hits, 0 errors, 2 left on base; Grafton 9 - Ft. Worth 16
Tuesday, December 19th, 2017 - OOTP Baseball 18.8 Build 76